 Dungeon Crawl Stone Soup version 0.27-a0-1359-ga2a4dfd6fd (webtiles) character file.

Game seed: 7254191156855193641

2065 sanka the Ducker (level 9, -3/66 HPs)
             Began as a Djinni Artificer on June 28, 2021.
             Slain by an ogre (30 damage)
             ... on level 6 of the Dungeon.
             The game lasted 00:14:28 (9672 turns).

sanka the Ducker (Djinni Artificer)                 Turns: 9672, Time: 00:14:28

Health: -3/66      AC:  7    Str: 11    XL:     9   Next: 50%
Gold:   378        EV: 14    Int: 15    God:
                   SH:  0    Dex: 15

rFire    + + +     SeeInvis .   b - +0 flail
rCold    . . .     Faith    .   (no shield)
rNeg     . . .     Spirit   .   E - +3 leather armour {rF+}
rPois    ∞         Reflect  .   (no helmet)
rElec    .         Harm     .   x - +0 cloak
rCorr    .         Rampage  .   (no gloves)
Will     .....                  (boots unavailable)
Stlth    +.........             (no amulet)
HPRegen  0.21/turn              j - ring of protection from cold
MPRegen  0.00/turn              (no ring)

@: flying, very slightly contaminated
A: sickness immunity, fire resistance 2, cold vulnerability 1, float, innate
caster, hp casting, extra vitality 1
a: no special abilities


You were on level 6 of the Dungeon.
You visited 1 branch of the dungeon, and saw 6 of its levels.

You collected 378 gold pieces.


Innate Abilities, Weirdness & Mutations

You are immune to sickness and miasma.
You are immune to poison.
Your flesh is very heat resistant. (rF++)
You are vulnerable to cold. (rC-)
You float through the air rather than walking.
You learn spells naturally, not from books.
Your magical power is your life essence.
You have superior vitality. (+4 HP)


   Skills:
 + Level 6.1 Fighting
 - Level 1.0 Armour
 + Level 7.0 Dodging
 - Level 0.7 Stealth
 + Level 6.1 Spellcasting
 - Level 3.0 Evocations


You had 11 spell levels left.
You knew the following spells:

 Your Spells              Type           Power      Damage    Failure   Level
x - Teleport Other        Tloc           22%        N/A       4%          3
y - Lesser Beckoning      Tloc           11%        N/A       4%          3
z - Static Discharge      Conj/Air       22%        N/A       2%          2
Z - Sting                 Tmut/Pois      88%        1d7       1%          1
Your spell library was empty.

Inventory:

Hand Weapons
 a - a +0 whip of venom
 b - a +0 flail (weapon)
Missiles
 i - 14 boomerangs (quivered)
 v - 2 throwing nets {=f}
Armour
 r - a scarf of repulsion
 x - a +0 cloak (worn)
 E - a +3 leather armour of fire resistance (worn)
Jewellery
 j - a ring of protection from cold (left hand)
Wands
 d - a wand of charming (11)
 w - a wand of flame (18)
Scrolls
 c - a scroll of vulnerability {unknown}
 h - 2 scrolls of enchant armour
 n - 2 scrolls of magic mapping
 u - a scroll of immolation {!r}
 y - a scroll of fear
 A - 3 scrolls of teleportation {@r4}
 B - a scroll of summoning {unknown}
 C - a scroll of torment {!r}
 D - a scroll of enchant weapon {unknown}
Potions
 f - a potion of magic {unknown}
 g - 2 potions of heal wounds {unknown}
 k - 2 potions of berserk rage {!q}
 l - a potion of might {unknown}
 m - a potion of brilliance {unknown}
 o - a potion of resistance {unknown}
 p - a potion of mutation {unknown}
 q - 3 potions of haste {unknown}
 s - 3 potions of curing {unknown}
 t - a potion of cancellation {unknown}
 z - a potion of degeneration {unknown}
Miscellaneous
 e - a piece from Xom's chessboard (15/15)

Dungeon Overview and Level Annotations

Branches:
Dungeon (6/15)
 Temple: D:4-7

Altars:
Cheibriados
Okawaru
Trog
Yredelemnul

▒.▒▒.▒.▒...▒......▒
▒▒.▒▒.▒.▒.▒.▒
▒▒..▒▒.▒.▒...▒
▒........▒.▒▒▒
▒▒.....▒▒▒
▒.▒▒▒▒▒.▒ ▒.▒ ▒▒..▒
▒▒.▒▒....+
▒...RO...▒
▒▒▒▒▒....▒ ....▒
.▒▒▒▒ .▒ .▒ .▒ .▒


You could see an ogre.


Message History

You are very lightly contaminated with residual magic.
Nothing appears to happen.
The centaur zombie hits you but does no damage.
The centaur zombie kicks you but does no damage.
The ogre hits you with a +0 giant club!!
The centaur zombie hits you. The centaur zombie kicks you.
Unknown command.
The centaur zombie is struck by an arc of lightning!
The centaur zombie is almost destroyed.
You are struck by an arc of lightning.
* * * LOW HITPOINT WARNING * * *
The lightning grounds out.
* * * LOW HITPOINT WARNING * * *
The centaur zombie hits you but does no damage.
The centaur zombie barely misses you. The ogre closely misses you.
Unknown command.
Unknown command.
The centaur zombie is struck by an arc of lightning.
You destroy the centaur zombie!
The lightning grounds out.
The ogre is struck by an arc of lightning.
The ogre is lightly wounded.
You are struck by an arc of lightning.
* * * LOW HITPOINT WARNING * * *
The lightning grounds out.
* * * LOW HITPOINT WARNING * * *
The ogre hits you with a +0 giant club!!
You die...

Action                   |  1- 3 |  4- 6 |  7- 9 || total
-------------------------+-------+-------+-------++-------
Melee: Mace              |    80 |    61 |       ||   141
       Flail             |       |     7 |    45 ||    52
Throw: Boomerang         |     1 |       |     2 ||     3
 Cast: Sting             |       |    35 |    42 ||    77
       Static Discharge  |       |     1 |    83 ||    84
       Teleport Other    |       |       |     5 ||     5
Evoke: Wand              |     6 |     1 |    12 ||    19
  Use: Potion            |       |     1 |       ||     1
       Scroll            |       |       |     7 ||     7
 Stab: Sleeping          |     2 |       |       ||     2
Armor: Leather armour    |    25 |    15 |    59 ||    99
       Chain mail        |     5 |       |       ||     5
Dodge: Dodged            |    52 |    63 |   128 ||   243
       Repelled          |       |     1 |       ||     1

Levels and vault maps discovered:
D:1:      dpeg_arrival_stonehenge_8_columns, layout_loops_cross,
          basic_ecumenical_altar
D:2:      layout_basic, hangedman_decor_push, chequers_serial_rivers_room_a,
          uniq_natasha, uniq_sigmund
D:3:      layout_loops_ring, grunt_temple_overflow_bloody_war,
          due_unseen_surprise
D:4:      layout_gridville, cheibriados_altar_1
D:5:      layout_basic, lemuel_doored_altar, kennysheep_crisscross,
          uniq_eustachio
D:6:      layout_basic, nicolae_overflow_hidden_temple,
          hangedman_minor_gate_pass

Notes
Turn   | Place    | Note
-------+----------+-------------------------------------------
     0 | D:1      | sanka the Djinni Artificer began the quest for the Orb.
     0 | D:1      | Reached XP level 1. HP: 17/17 MP: 0/0
     9 | D:1      | Reached XP level 2. HP: 22/22 MP: 0/0
   703 | D:1      | Found a faded altar of an unknown god.
   811 | D:1      | Reached skill level 2 in Fighting
   811 | D:1      | Reached skill level 3 in Dodging
   811 | D:1      | Reached XP level 3. HP: 27/28 MP: 0/0
   811 | D:1      | Learned a level 1 spell: Sting
  1332 | D:2      | Reached skill level 1 in Spellcasting
  1493 | D:2      | Noticed Natasha
  1523 | D:2      | Killed Natasha
  1524 | D:2      | Reached XP level 4. HP: 33/33 MP: 0/0
  1687 | D:2      | Reached skill level 2 in Spellcasting
  1790 | D:2      | Noticed Natasha
  1810 | D:2      | Killed Natasha
  1811 | D:2      | Reached XP level 5. HP: 16/38 MP: 0/0
  1811 | D:2      | Learned a level 2 spell: Static Discharge
  2247 | D:2      | Noticed Sigmund
  2270 | D:2      | HP: 3/38 [something (10)]
  2273 | D:2      | Killed Sigmund
  2274 | D:2      | Reached skill level 4 in Spellcasting
  2274 | D:2      | Reached XP level 6. HP: 7/43 MP: 0/0
  2279 | D:2      | HP: 4/43 [rat (1)]
  3072 | D:3      | Found an iron altar of Okawaru.
  3072 | D:3      | Found a bloodstained altar of Trog.
  3757 | D:4      | Reached XP level 7. HP: 23/49 MP: 0/0
  3757 | D:4      | Learned a level 3 spell: Teleport Other
  3955 | D:4      | Found a snail-covered altar of Cheibriados.
  4691 | D:4      | Noticed a wyvern
  4699 | D:4      | HP: 1/49 [wyvern (4)]
  5024 | D:4      | Killed a wyvern
  5025 | D:4      | Reached skill level 3 in Fighting
  5025 | D:4      | Reached skill level 4 in Dodging
  5385 | D:5      | Entered Level 5 of the Dungeon
  5391 | D:5      | Noticed Eustachio
  5410 | D:5      | Killed Eustachio
  5411 | D:5      | Reached XP level 8. HP: 29/58 MP: 0/0
  5807 | D:5      | Reached skill level 4 in Fighting
  5864 | D:5      | Reached skill level 5 in Dodging
  5864 | D:5      | Reached skill level 5 in Spellcasting
  6697 | D:5      | Found a basalt altar of Yredelemnul.
  6841 | D:4      | Reached skill level 5 in Fighting
  6999 | D:5      | Reached skill level 6 in Dodging
  6999 | D:5      | Reached XP level 9. HP: 41/65 MP: 0/0
  6999 | D:5      | Learned a level 3 spell: Lesser Beckoning
  8840 | D:6      | Reached skill level 6 in Fighting
  8853 | D:6      | Reached skill level 6 in Spellcasting
  9448 | D:6      | Reached skill level 7 in Dodging
  9672 | D:6      | Slain by an ogre

Vanquished Creatures
  Sigmund (D:2)
  A wyvern (D:4)
  Eustachio (D:5)
  2 ice beasts (D:5)
  2 black bears
  A necrophage (D:6)
  3 centaurs (D:5)
  An ogre (D:5)
  A scorpion (D:4)
  A wyvern skeleton (D:5)
  A water moccasin skeleton (D:5)
  A centaur zombie (D:6)
  A jelly (D:6)
  2 orc priests
  A hound (D:6)
  2 gnoll shamans (D:6)
  2 iguanas
  A scorpion zombie (D:5)
  Natasha (twice) (D:2)
  4 orc wizards
  A killer bee zombie (D:6)
  A howler monkey zombie (D:5)
  7 adders
  10 gnolls
  A howler monkey skeleton (D:5)
  A white imp (D:6)
  An ufetubus (D:6)
  11 orcs
  4 endoplasms
  4 giant cockroaches (D:1)
  5 hobgoblins
  8 kobolds
  2 quokkas (D:4)
  4 ball pythons
  4 bats
  A frilled lizard (D:1)
  3 goblins
  4 rats
103 creatures vanquished.
